 Dungeon Crawl Stone Soup version 0.22.1-1-ga44c0e5 (webtiles) character file.

109 Fang the Skirmisher (level 4, -2/43 HPs)
             Began as a Gargoyle Berserker on Oct 15, 2018.
             Was a Believer of Trog.
             Slain by a gnoll
             ... wielding a +0 spear
              (6 damage)
             ... on level 3 of the Dungeon.
             The game lasted 00:01:59 (1229 turns).

Fang the Skirmisher (Gargoyle Berserker)            Turns: 1229, Time: 00:02:00

Health: -2/43      AC:  5    Str: 27    XL:     4   Next: 89%
Magic:  4/4        EV: 12    Int: 10    God:    Trog [**....]
Gold:   132        SH:  0    Dex:  9    Spells: 3/3 levels left

rFire    . . .     SeeInvis .   n - +0 war axe
rCold    . . .     Gourm    .   (no shield)
rNeg     + . .     Faith    .   b - +0 animal skin
rPois    ∞         Spirit   .   (no helmet)
rElec    +         Reflect  .   (no cloak)
rCorr    .         Harm     .   (no gloves)
MR       .....                  (no boots)
Stlth    ..........             (no amulet)
HPRegen  0.14/turn              a - +3 ring of intelligence
MPRegen  0.09/turn              (no ring)

@: berserking, very quick
A: negative energy resistance 1, electricity resistance, unbreathing,
petrification resistance, rot immunity, AC +3
a: Berserk, Trog's Hand, Renounce Religion


You were on level 3 of the Dungeon.
You worshipped Trog.
Trog was pleased with you.
You were hungry.

You visited 1 branch of the dungeon, and saw 3 of its levels.

You collected 132 gold pieces.

Inventory:

Hand Weapons
 n - a +0 war axe (weapon)
Armour
 b - a +0 animal skin (worn)
Jewellery
 a - a +3 ring of intelligence (left hand)
Scrolls
 e - 4 scrolls of identify {unknown}
 f - a scroll of fog {unknown}
 i - a scroll of noise {unknown}
 j - a scroll of remove curse {unknown}
 o - a scroll of enchant armour {unknown}
 p - a scroll of immolation {unknown}
 q - a scroll of teleportation {unknown}
Potions
 d - a potion of ambrosia {unknown}
 g - a potion of berserk rage {unknown}
 h - a potion of lignification {unknown}
 k - a potion of brilliance {unknown}
 l - a potion of degeneration {unknown}
 m - 2 potions of resistance {unknown}
 r - a potion of agility {unknown}
Comestibles
 c - 9 rations


   Skills:
 + Level 4.1 Fighting
 + Level 3.8 Axes
 + Level 2.3 Armour
 + Level 2.3 Dodging
 + Level 1.0 Stealth


You had 3 spell levels left.
You didn't know any spells.
Your spell library was empty.

Dungeon Overview and Level Annotations

Branches:
Dungeon (2/15)

Altars:
Ashenzari
Cheibriados

Annotations:
D:3 Terence


Innate Abilities, Weirdness & Mutations

You are resistant to torment.
Your stone body is resilient. (AC +3)
You are immune to poison.
You resist negative energy. (rN+)
You are resistant to electric shocks. (rElec)
You can survive without breathing.
You are immune to petrification.
You are immune to rotting.


Message History

Found 14 gold pieces.
You barely miss Terence. Terence hits you with a trident.
You hit Terence.
Terence is moderately wounded.
The gnoll hits you from afar with a spear.
Terence hits you with a trident. The gnoll closely misses you.
You closely miss Terence.
Terence is moderately wounded.
The gnoll hits you from afar with a spear.
Terence hits you with a trident.
* * * LOW HITPOINT WARNING * * *
The gnoll hits you from afar with a spear.
* * * LOW HITPOINT WARNING * * *
A red film seems to cover your vision as you go berserk!
You feel yourself moving faster!
You feel mighty!
You are feeling hungry.
Terence hits you with a trident.
* * * LOW HITPOINT WARNING * * *
The gnoll hits you from afar with a spear.
You die...

#<...#.......##..##.....
.#
#.#......)...#..#######.
# #.##.......#.# #####.
#. #........[# #...!..
#. ########..##.......
#?.#........
##..#........
#............
#..###@....... #..!#
#.@g..... ....#
##gg..... .... g......
... ....... ## .......
....... .....$.


You could see Terence and 4 gnolls.

Vanquished Creatures
  An orc wizard (D:3)
  A hound skeleton (D:3)
  An adder (D:3)
  A dart slug (D:1)
  3 leopard geckos
  4 orcs (D:3)
  2 giant cockroaches
  11 goblins
  3 hobgoblins
  7 kobolds
  2 quokkas
  4 bats
  8 rats
48 creatures vanquished.

Notes
Turn   | Place    | Note
-------+----------+-------------------------------------------
     0 | D:1      | Fang the Gargoyle Berserker began the quest for the Orb.
     0 | D:1      | Reached XP level 1. HP: 14/14 MP: 1/1
   275 | D:1      | Reached XP level 2. HP: 16/19 MP: 2/2
   561 | D:1      | Reached XP level 3. HP: 21/24 MP: 3/3
   596 | D:1      | Reached ** piety under Trog
   873 | D:2      | Found a shattered altar of Ashenzari.
  1046 | D:2      | You fall through a shaft!
  1087 | D:3      | Found a snail-covered altar of Cheibriados.
  1100 | D:3      | Reached skill level 4 in Fighting
  1100 | D:3      | Reached XP level 4. HP: 29/29 MP: 4/4
  1135 | D:3      | Reached skill level 1 in Stealth
  1221 | D:3      | Noticed Terence
  1229 | D:3      | Slain by a gnoll

Skill      XL: |  1  2  3  4 |
---------------+-------------+-----
Axes           | 3 |  3.8
Dodging        | 2 |  2.3
Fighting       | 4 |  4.1
Stealth        | 1 |  1.0
Armour         | |  2.3

Action                   |  1- 3 |  4- 6 || total
-------------------------+-------+-------++-------
Melee: Hand axe          |   139 |     2 ||   141
       War axe           |       |    14 ||    14
Invok: Berserk           |     1 |     1 ||     2
 Stab: Sleeping          |     1 |       ||     1
  Eat: Chunk             |     1 |     1 ||     2
Armor: Animal skin       |    50 |     2 ||    52
Dodge: Dodged            |    95 |     9 ||   104
